 Dungeon Crawl Stone Soup version 0.24.0-13-gcf9b319 (webtiles) character file.

Game seed: 17294647308810194357, levelgen mode: deterministic

2 Bronimir the Stinger (level 1, 0/13 HPs)
             Began as a Formicid Venom Mage on Mar 29, 2020.
             Slain by a bat (1 damage)
             ... on level 1 of the Dungeon.
             The game lasted 00:00:41 (68 turns).

Bronimir the Stinger (Formicid Venom Mage)            Turns: 68, Time: 00:00:42

Health: 0/13       AC:  3    Str: 12    XL:     1   Next: 44%
Magic:  0/3        EV: 12    Int: 14    God:
Gold:   17         SH:  0    Dex: 11    Spells: 3/4 levels left

rFire    . . .     SeeInvis +   d - +0 club
rCold    . . .     Gourm    .   (no shield)
rNeg     . . .     Faith    .   a - +0 robe
rPois    .         Spirit   .   (helmet unavailable)
rElec    .         Reflect  .   e - +0 cloak
rCorr    .         Harm     .   (no gloves)
MR       .....                  (no boots)
Stlth    ++........             (no amulet)
HPRegen  0.04/turn              (no ring)
MPRegen  0.08/turn              (no ring)

@: no status effects
A: permanent stasis, dig shafts and tunnels, four strong arms, antennae 3
a: Dig, Shaft Self


You were on level 1 of the Dungeon.
You were not hungry.

You visited 1 branch of the dungeon, and saw 1 of its levels.

You collected 17 gold pieces.

Inventory:

Hand Weapons
 d - a +0 club (weapon)
Armour
 a - a +0 robe (worn)
 e - a +0 cloak (worn)
Potions
 b - a potion of invisibility {unknown}
Comestibles
 c - a ration


   Skills:
 + Level 1.9 Dodging
 - Level 2.4 Stealth
 * Level 2.3 Spellcasting
 * Level 0.8 Conjurations
 * Level 4.0 Poison Magic


You had 3 spell levels left.
You knew the following spells:

 Your Spells              Type           Power        Failure   Level  Hunger
a - Sting                 Conj/Pois      #...         9%          1    #......

Your spell library contained the following spells:

 Spells                   Type           Power        Failure   Level  Hunger
 Poisonous Vapours        Pois/Air       #.....       16%         2    ###....
 Mephitic Cloud           Conj/Pois/Air  #.......     34%         3    ###....
 Olgreb's Toxic Radiance  Pois           ##......     41%         4    #####..
 Venom Bolt               Conj/Pois      #.........   93%         5    ######.


Dungeon Overview and Level Annotations

Branches:
Dungeon (1/15)

Altars:


Innate Abilities, Weirdness & Mutations

You cannot be hasted, slowed, berserked, paralysed or teleported.
You can dig through walls and to a lower floor.
Your four strong arms can wield two-handed weapons with a shield.
You have a pair of large antennae on your head. (SInv)


Message History

The sting misses the bat.
The bat hits you. The bat closely misses you.
The giant cockroach barely misses you. The hobgoblin hits you with a +0 club.
* * * LOW HITPOINT WARNING * * *
The giant cockroach bites you.
* * * LOW HITPOINT WARNING * * *
Casting: Sting (safe; 9% risk of failure)
Confirm with . or Enter, or press ? or * to list all spells.
You don't have enough magic to cast that spell.
Unknown command.
The bat closely misses you. The bat hits you but does no damage.
The bat barely misses you. The bat barely misses you.
The bat closely misses you. The bat hits you but does no damage.
The bat misses you.
The giant cockroach bites you but does no damage.
The bat hits you but does no damage. The bat hits you but does no damage.
The bat closely misses you. The bat hits you but does no damage.
You extend your mandibles.
You dig through the rock wall.
The bat hits you.
You die...

.. .. .. .## .#### #.
##..######...... ##.##
###..# #..........
##...####....# #..........
#..≈..#.....## #.........
...≈....≈..8# #..........
..≈≈≈..≈...## ##b....###..
≈≈≈≈≈≈≈.....## #@bs......#
≈≈...≈≈≈≈....#..##.......#
≈..<..≈≈≈≈≈..##.##g......#
≈≈...≈≈≈≈....##..#.......#
≈≈≈≈≈≈≈.....####.#.......#
..≈≈≈..≈...## #.#.......#
...≈....≈..8# #.#.......#
#..≈..#.....## #.........#
##...####....####........+


You could see a giant cockroach and 2 bats.

Vanquished Creatures
  2 goblins (D:1)
2 creatures vanquished.

Notes
Turn   | Place    | Note
-------+----------+-------------------------------------------
     0 | D:1      | Bronimir the Formicid Venom Mage began the quest for the
                  | Orb.
     0 | D:1      | Reached XP level 1. HP: 13/13 MP: 3/3
    68 | D:1      | Slain by a bat

Levels and vault maps discovered:
D:1:      eino_arrival_water_star, layout_basic

Action                   || total
-------------------------++-------
Melee: Club              ||     1
       Unarmed           ||     1
 Cast: Sting             ||     6
 Abil: Dig               ||     1
Armor: Robe              ||     8
Dodge: Dodged            ||    16
